TOP OF THE 1ST |
Penquannock Overrated Jeter batting - Pitching for Rio Grande Rattlesnake : RHP Gary Grimes
|
Pitching: RHP Gary Grimes
|
|
Batting: LHB Bill McJannett
|
0-0: Ball 1-0: Ball 2-0: Ball 3-0: Called Strike 3-1: Called Strike 3-2: Base on Balls
|
Batting: RHB Juan Costello
|
0-0: Ball 1-0: Ball 2-0: SINGLE (Line Drive, 9LS) Bill McJannett to second Runner from 2nd tries for 3rd, SAFE, throw made to third
|
Batting: RHB Earl Conrad
|
0-0: Ball 1-0: Foul Ball, location: 2F 1-1: Ball 2-1: Called Strike 2-2: Foul Ball, location: 2F 2-2: Ball 3-2: Strikes out swinging Juan Costello steals 2nd base Batter strikes out.
|
Batting: RHB António Rodríguez
|
0-0: Ground out 2-3 (Groundball, 23)
|
Batting: RHB Tim Hanson
|
0-0: Ball 1-0: Called Strike 1-1: Fly out, F5 (Line Drive, 5F)
|
Top of the 1st over - 0 run(s), 1 hit(s), 0 error(s), 2 left on base; Penquannock 0 - Rio Grande 0 |
BOTTOM OF THE 1ST |
Rio Grande Rattlesnake batting - Pitching for Penquannock Overrated Jeter : LHP Carlos Thomas
|
Pitching: LHP Carlos Thomas
|
|
Batting: RHB Javier Rentería
|
0-0: Called Strike 0-1: Ball 1-1: Ball 2-1: Swinging Strike 2-2: Foul Ball, location: 2F 2-2: Fly out, F7 (Flyball, 78S)
|
Batting: RHB Maresuke Yoshida
|
0-0: Called Strike 0-1: Swinging Strike 0-2: Strikes out swinging
|
Batting: RHB Hollis Wood
|
0-0: Swinging Strike 0-1: Ball 1-1: Ground out 5-3 (Groundball, 5S)
|
Bottom of the 1st over - 0 run(s), 0 hit(s), 0 error(s), 0 left on base; Penquannock 0 - Rio Grande 0 |
TOP OF THE 2ND |
Penquannock Overrated Jeter batting - Pitching for Rio Grande Rattlesnake : RHP Gary Grimes
|
Batting: SHB Francisco Ávila
|
0-0: Called Strike 0-1: Called Strike 0-2: Strikes out swinging
|
Batting: LHB Todd Barnes
|
0-0: Called Strike 0-1: SINGLE (Flyball, 89S)
|
Batting: RHB Arturo Rodríguez
|
0-0: SINGLE (Groundball, 56D) (infield hit) Todd Barnes to second
|
Batting: RHB Armando Pagán
|
0-0: Ball 1-0: Ball 2-0: Called Strike 2-1: Foul Ball, location: 2F 2-2: Ball 3-2: Strikes out swinging
|
Batting: LHB Bill McJannett
|
0-0: Fielders Choice at 2nd, U4 (Groundball, 4M)
|
Top of the 2nd over - 0 run(s), 2 hit(s), 0 error(s), 2 left on base; Penquannock 0 - Rio Grande 0 |
BOTTOM OF THE 2ND |
Rio Grande Rattlesnake batting - Pitching for Penquannock Overrated Jeter : LHP Carlos Thomas
|
Batting: RHB Luis Sánchez
|
0-0: Ball 1-0: Called Strike 1-1: Called Strike 1-2: Ball 2-2: Ball 3-2: Base on Balls
|
Batting: LHB Luis Villa
|
0-0: Swinging Strike 0-1: Ball 1-1: Ball 2-1: Called Strike 2-2: Foul Ball, location: 2F 2-2: Ball 3-2: Foul Ball, location: 2F 3-2: Ground out 6-3 (Groundball, 4M) Luis Sánchez to second
|
Batting: RHB Luis Ibarra
|
0-0: Ground out 4-3 (Groundball, 4) Luis Sánchez to third
|
Batting: RHB Christian Hudson
|
0-0: Foul Ball, location: 2F 0-1: Ball 1-1: Ball 2-1: Ground out 4-3 (Groundball, 34)
|
Bottom of the 2nd over - 0 run(s), 0 hit(s), 0 error(s), 1 left on base; Penquannock 0 - Rio Grande 0 |
TOP OF THE 3RD |
Penquannock Overrated Jeter batting - Pitching for Rio Grande Rattlesnake : RHP Gary Grimes
|
Batting: RHB Juan Costello
|
0-0: Called Strike 0-1: Ball 1-1: Foul Ball, location: 2F 1-2: Strikes out looking
|
Batting: RHB Earl Conrad
|
0-0: Called Strike 0-1: Swinging Strike 0-2: Strikes out swinging
|
Batting: RHB António Rodríguez
|
0-0: Ball 1-0: Ball 2-0: Called Strike 2-1: SINGLE (Line Drive, 56D)
|
Batting: RHB Tim Hanson
|
0-0: Foul Ball, location: 2F 0-1: Swinging Strike 0-2: Foul Ball, location: 2F 0-2: Ball 1-2: Foul Ball, location: 2F 1-2: DOUBLE (Groundball, 5L) António Rodríguez to third Runner from 3rd tries for Home, SAFE, no throw or cutoff
|
Batting: SHB Francisco Ávila
|
0-0: Ball 1-0: Called Strike 1-1: Fly out, F7 (Flyball, 78S)
|
Top of the 3rd over - 1 run(s), 2 hit(s), 0 error(s), 1 left on base; Penquannock 1 - Rio Grande 0 |
BOTTOM OF THE 3RD |
Rio Grande Rattlesnake batting - Pitching for Penquannock Overrated Jeter : LHP Carlos Thomas
|
Batting: RHB Gary Thomas
|
0-0: Called Strike 0-1: Ball 1-1: Ground out 6-3 (Groundball, 6M)
|
Batting: RHB Juan López
|
0-0: Ground out 4-3 (Groundball, 4)
|
Batting: RHB Javier Rentería
|
0-0: SINGLE (Line Drive, 56D)
|
Batting: RHB Maresuke Yoshida
|
0-0: Ball 1-0: Foul Ball, location: 2F 1-1: Called Strike Javier Rentería is caught stealing 2nd base
|
Bottom of the 3rd over - 0 run(s), 1 hit(s), 0 error(s), 0 left on base; Penquannock 1 - Rio Grande 0 |
TOP OF THE 4TH |
Penquannock Overrated Jeter batting - Pitching for Rio Grande Rattlesnake : RHP Gary Grimes
|
Batting: LHB Todd Barnes
|
0-0: Called Strike 0-1: Ground out 1-3 (Groundball, 34S)
|
Batting: RHB Arturo Rodríguez
|
0-0: Ball 1-0: Foul Ball, location: 2F 1-1: Ball 2-1: Foul Ball, location: 2F 2-2: SINGLE (Groundball, 34D)
|
Batting: RHB Armando Pagán
|
0-0: Ball 1-0: Ball 2-0: Ball 3-0: Called Strike 3-1: Foul Ball, location: 2F 3-2: Foul Ball, location: 2F 3-2: Fly out, F9 (Flyball, 89M)
|
Batting: LHB Bill McJannett
|
0-0: Called Strike 0-1: Fly out, F6 (Popup, 56)
|
Top of the 4th over - 0 run(s), 1 hit(s), 0 error(s), 1 left on base; Penquannock 1 - Rio Grande 0 |
BOTTOM OF THE 4TH |
Rio Grande Rattlesnake batting - Pitching for Penquannock Overrated Jeter : LHP Carlos Thomas
|
Batting: RHB Maresuke Yoshida
|
0-0: Ball 1-0: Foul Ball, location: 2F 1-1: Ball 2-1: Ground out 4-3 (Groundball, 13)
|
Batting: RHB Hollis Wood
|
0-0: Ball 1-0: Ball 2-0: Ball 3-0: Called Strike 3-1: Ground out 6-3 (Groundball, 56)
|
Batting: RHB Luis Sánchez
|
0-0: Ball 1-0: Ground out 5-3 (Groundball, 5L)
|
Bottom of the 4th over - 0 run(s), 0 hit(s), 0 error(s), 0 left on base; Penquannock 1 - Rio Grande 0 |
TOP OF THE 5TH |
Penquannock Overrated Jeter batting - Pitching for Rio Grande Rattlesnake : RHP Gary Grimes
|
Batting: RHB Juan Costello
|
0-0: Called Strike 0-1: Ground out 6-3 (Groundball, 56)
|
Batting: RHB Earl Conrad
|
0-0: Ball 1-0: Foul Ball, location: 2F 1-1: Foul Ball, location: 2F 1-2: Ball 2-2: Foul Ball, location: 2F 2-2: Foul Ball, location: 2F 2-2: DOUBLE (Line Drive, 7D)
|
Batting: RHB António Rodríguez
|
0-0: Fly out, F4 (Popup, 4)
|
Batting: RHB Tim Hanson
|
0-0: Foul Ball, location: 2F 0-1: Ball 1-1: Ball 2-1: SINGLE (Groundball, 25) (infield hit) Earl Conrad to third
|
Batting: SHB Francisco Ávila
|
0-0: Called Strike 0-1: Ground out 4-3 (Groundball, 4)
|
Top of the 5th over - 0 run(s), 2 hit(s), 0 error(s), 2 left on base; Penquannock 1 - Rio Grande 0 |
BOTTOM OF THE 5TH |
Rio Grande Rattlesnake batting - Pitching for Penquannock Overrated Jeter : LHP Carlos Thomas
|
Batting: LHB Luis Villa
|
0-0: Ball 1-0: Ball 2-0: Reached on error, E6 (Groundball, 6)
|
Batting: RHB Luis Ibarra
|
0-0: Ball 1-0: Called Strike 1-1: Called Strike 1-2: Ball 2-2: Ball Wild Pitch! Luis Villa to second 3-2: SINGLE (Groundball, 4MD) Luis Villa to third Runner from 3rd tries for Home, SAFE, no throw or cutoff
|
Batting: RHB Christian Hudson
|
0-0: Ball 1-0: Ball 2-0: Foul Ball, location: 2F 2-1: Grounds into double play, 1-4-3 (Groundball, 13S)
|
Batting: RHB Gary Thomas
|
0-0: Foul Ball, location: 2F 0-1: SINGLE (Line Drive, 89M)
|
Batting: RHB Juan López
|
0-0: Foul Ball, location: 2F 0-1: Ball 1-1: Called Strike 1-2: Foul Ball, location: 2F 1-2: Ball 2-2: Ball 3-2: Foul Ball, location: 2F 3-2: Base on Balls Gary Thomas to second
|
Pitching: RHP Joaquín Rojas
|
|
Batting: RHB Javier Rentería
|
0-0: Ball 1-0: Ball 2-0: Ball 3-0: SINGLE (Line Drive, 9S) Gary Thomas to third Juan López to second
|
Batting: RHB Maresuke Yoshida
|
0-0: Swinging Strike 0-1: Ball 1-1: Called Strike 1-2: Ball 2-2: Strikes out swinging
|
Bottom of the 5th over - 1 run(s), 3 hit(s), 1 error(s), 3 left on base; Penquannock 1 - Rio Grande 1 |
TOP OF THE 6TH |
Penquannock Overrated Jeter batting - Pitching for Rio Grande Rattlesnake : RHP Gary Grimes
|
Batting: LHB Todd Barnes
|
0-0: Ball 1-0: Ground out U3 (Groundball, 3)
|
Batting: RHB Arturo Rodríguez
|
0-0: Called Strike 0-1: Hit by Pitch
|
Batting: RHB Armando Pagán
|
0-0: Ball 1-0: Ball 2-0: Foul Ball, location: 2F 2-1: Grounds into double play, 5-4-3 (Groundball, 5L)
|
Top of the 6th over - 0 run(s), 0 hit(s), 0 error(s), 0 left on base; Penquannock 1 - Rio Grande 1 |
BOTTOM OF THE 6TH |
Rio Grande Rattlesnake batting - Pitching for Penquannock Overrated Jeter : RHP Joaquín Rojas
|
Batting: RHB Hollis Wood
|
0-0: Ground out 4-3 (Groundball, 4)
|
Batting: RHB Luis Sánchez
|
0-0: Ball 1-0: Called Strike 1-1: Ball 2-1: Ball 3-1: Called Strike 3-2: Fly out, F7 (Flyball, 78M)
|
Batting: LHB Luis Villa
|
0-0: Ball 1-0: Ball 2-0: Ball 3-0: Called Strike 3-1: Base on Balls
|
Batting: RHB Luis Ibarra
|
0-0: Called Strike 0-1: Foul Ball, location: 2F 0-2: Ground out 5-3 (Groundball, 5L)
|
Bottom of the 6th over - 0 run(s), 0 hit(s), 0 error(s), 1 left on base; Penquannock 1 - Rio Grande 1 |
TOP OF THE 7TH |
Penquannock Overrated Jeter batting - Pitching for Rio Grande Rattlesnake : RHP Gary Grimes
|
Batting: LHB Bill McJannett
|
0-0: Ball 1-0: Fly out, F1 (Popup, 13S)
|
Pitching: RHP Adrián Mora
|
|
Batting: RHB Juan Costello
|
0-0: Ball 1-0: Swinging Strike 1-1: SINGLE (Groundball, 34D)
|
Batting: RHB Earl Conrad
|
0-0: Ball 1-0: Swinging Strike 1-1: Ball 2-1: Called Strike 2-2: Grounds into double play, 6-4-3 (Groundball, 6)
|
Top of the 7th over - 0 run(s), 1 hit(s), 0 error(s), 0 left on base; Penquannock 1 - Rio Grande 1 |
BOTTOM OF THE 7TH |
Rio Grande Rattlesnake batting - Pitching for Penquannock Overrated Jeter : RHP Joaquín Rojas
|
Batting: RHB Christian Hudson
|
0-0: Swinging Strike 0-1: Reached on error, E4 (Groundball, 4M)
|
Pinch Hitting: RHB Paul Martin
|
0-0: Intentional Walk
|
Pinch Runner at 2nd Chris Charles:
|
|
Pinch Hitting: RHB Liangde Que
|
0-0: Ground out 5-3 (Groundball, 6S) Chris Charles to third Paul Martin to second
|
Batting: RHB Javier Rentería
|
0-0: Ball 1-0: Fly out, F5 (Popup, 56S)
|
Batting: RHB Maresuke Yoshida
|
0-0: Ball 1-0: Foul Ball, location: 2F 1-1: Ball 2-1: Ball 3-1: Foul Ball, location: 2F 3-2: Foul Ball, location: 2F 3-2: Foul Ball, location: 2F 3-2: Ground out 5-3 (Groundball, 56)
|
Bottom of the 7th over - 0 run(s), 0 hit(s), 1 error(s), 2 left on base; Penquannock 1 - Rio Grande 1 |
TOP OF THE 8TH |
Penquannock Overrated Jeter batting - Pitching for Rio Grande Rattlesnake : RHP Adrián Mora
|
Now at 1B: Paul Martin
|
|
Now at 3B: Liangde Que
|
|
Pinch Hitting: RHB Barton Frazier
|
0-0: Ball 1-0: Ball 2-0: Called Strike 2-1: Ground out 5-3 (Groundball, 5)
|
Batting: RHB Tim Hanson
|
0-0: Ball 1-0: SINGLE (Groundball, 56D)
|
Batting: SHB Francisco Ávila
|
0-0: Ball Tim Hanson steals 2nd base 1-0: Ball 2-0: DOUBLE (Line Drive, 78S) Tim Hanson scores
|
Batting: LHB Todd Barnes
|
0-0: Intentional Walk
|
Pinch Hitting: RHB Vincent Fields
|
0-0: Foul Ball, location: 2F 0-1: Fly out, F6 (Line Drive, 6)
|
Batting: RHB Armando Pagán
|
0-0: SINGLE (Groundball, 4MD) (infield hit) Francisco Ávila to third Todd Barnes to second
|
Batting: LHB Bill McJannett
|
0-0: Foul Ball, location: 2F 0-1: Foul Ball, location: 2F 0-2: Fly out, F8 (Flyball, 8LXD)
|
Top of the 8th over - 1 run(s), 3 hit(s), 0 error(s), 3 left on base; Penquannock 2 - Rio Grande 1 |
BOTTOM OF THE 8TH |
Rio Grande Rattlesnake batting - Pitching for Penquannock Overrated Jeter : RHP Joaquín Rojas
|
Pitching: RHP Javier González
|
|
Now at 2B: Héctor Berrios
|
|
Now at SS: Fernando Díaz
|
|
Batting: RHB Hollis Wood
|
0-0: Foul Ball, location: 2F 0-1: Foul Ball, location: 2F 0-2: Ball 1-2: Strikes out looking
|
Batting: RHB Luis Sánchez
|
0-0: Swinging Strike 0-1: Fly out, F8 (Flyball, 8RXD)
|
Batting: LHB Luis Villa
|
0-0: Called Strike 0-1: Fly out, F8 (Flyball, 89M)
|
Bottom of the 8th over - 0 run(s), 0 hit(s), 0 error(s), 0 left on base; Penquannock 2 - Rio Grande 1 |
TOP OF THE 9TH |
Penquannock Overrated Jeter batting - Pitching for Rio Grande Rattlesnake : RHP Adrián Mora
|
Pitching: RHP Bryce Davis
|
|
Batting: RHB Juan Costello
|
0-0: Ball 1-0: Foul Ball, location: 2F 1-1: Ball 2-1: Swinging Strike 2-2: Fly out, F1 (Flyball, 15)
|
Batting: RHB Earl Conrad
|
0-0: Ball 1-0: Foul Ball, location: 2F 1-1: Ball 2-1: Ball 3-1: Base on Balls
|
Pinch Hitting: LHB Tony Green
|
0-0: Foul Ball, location: 2F 0-1: Called Strike 0-2: Strikes out swinging
|
Batting: RHB Tim Hanson
|
0-0: Foul Ball, location: 2F 0-1: Called Strike 0-2: Ball 1-2: Fly out, F8 (Flyball, 8LD)
|
Top of the 9th over - 0 run(s), 0 hit(s), 0 error(s), 1 left on base; Penquannock 2 - Rio Grande 1 |
BOTTOM OF THE 9TH |
Rio Grande Rattlesnake batting - Pitching for Penquannock Overrated Jeter : RHP Javier González
|
Pitching: RHP Dave Nelson
|
|
Now at 3B: Tony Green
|
|
Batting: RHB Luis Ibarra
|
0-0: Called Strike 0-1: Ball 1-1: Called Strike 1-2: Strikes out swinging
|
Batting: SHB Chris Charles
|
0-0: Ball 1-0: Ball 2-0: Called Strike 2-1: Ground out 6-3 (Groundball, 6M)
|
Batting: RHB Paul Martin
|
0-0: Ball 1-0: Ball 2-0: Ball 3-0: Called Strike 3-1: SINGLE (Line Drive, 8LS)
|
Pinch Hitting: SHB Carlos Reyes
|
0-0: Ball 1-0: Foul Ball, location: 2F 1-1: Called Strike 1-2: Strikes out swinging
|
Bottom of the 9th over - 0 run(s), 1 hit(s), 0 error(s), 1 left on base; Penquannock 2 - Rio Grande 1 |
|